 Dungeon Crawl Stone Soup version 0.32-a0-975-g85d4e5bfdb (webtiles) character file.

Game seed: 11275390869760724626

1157 Dittersdorf the Trooper (level 8, -3/51 HPs)
             Began as a Gargoyle Fighter on Apr 18, 2024.
             Was an Initiate of Gozag.
             Slain by a sixfirhy (4 damage)
             ... on level 1 of the Abyss.
             The game lasted 00:06:39 (5562 turns).

Dittersdorf the Trooper (Gargoyle Fighter)          Turns: 5562, Time: 00:06:40

Health: -3/51      AC: 22    Str: 31    XL:     8   Next: 39%
Magic:  8/8        EV:  9    Int:  9    God:    Gozag
Gold:   268        SH:  4    Dex:  9    Spells: 7/7 levels left

rFire   . . .        a - +1 flail
rCold   . . .        c - +0 buckler
rNeg    + . .        b - +0 scale mail
rPois   ∞            n - +0 helmet
rElec   +            f - +0 cloak of Gineos {rCorr Str+3}
rCorr   +            g - +0 pair of gloves
SInv    .            i - +0 pair of boots
Will    .....        (no amulet) Stlth
                     k - +6 ring of strength
HPRegen 0.28/turn    r - +4 ring of protection
MPRegen 0.11/turn

%: no passive effects
@: no status effects
A: sickness immunity, AC +5, negative energy resistance 1, electricity
resistance, torment resistance 1, petrification resistance
a: Renounce Religion, Potion Petition, Call Merchant, Bribe Branch


You were on level 1 of the Abyss.
You worshipped Gozag.
Gozag was aware of your devotion.
You visited 2 branches of the dungeon, and saw 7 of its levels.
You visited the Abyss 1 time.

You collected 688 gold pieces.
You spent 327 gold pieces at shops.
You paid 93 gold pieces to Gozag.

Inventory:

Hand Weapons
 a - a +1 flail (weapon)
Missiles
 m - 2 throwing nets (quivered)
Armour
 b - a +0 scale mail (worn)
 c - a +0 buckler (worn)
 f - the +0 cloak of Gineos (worn) {rCorr Str+3}
   (You bought it in a shop on level 3 of the Dungeon)

   Str+3:     It affects your strength (+3).
   rCorr:     It protects you from acid and corrosion.
 g - a +0 pair of gloves (worn)
 i - a +0 pair of boots (worn)
 n - a +0 helmet (worn)
Jewellery
 k - a +6 ring of strength (left hand)
 r - a +4 ring of protection (right hand)
Wands
 h - a wand of flame (13)
Scrolls
 p - a scroll of enchant weapon
 t - a scroll of poison
Potions
 d - 3 potions of might
 e - a potion of magic
 j - 2 potions of brilliance
 l - 3 potions of curing
 o - 2 potions of heal wounds
 q - a potion of invisibility


   Skills:
 + Level 6.2 Fighting
 + Level 5.2 Maces & Flails
 + Level 6.2 Armour
 + Level 6.1 Shields


You had 7 spell levels left.
You didn't know any spells.
Your spell library contained the following spells:

 Spells                   Type           Power      Damage    Failure   Level
 Blink                    Tloc           0%         N/A       80%         2
 Call Imp                 Summ           0%         N/A       80%         2
 Lesser Beckoning         Tloc           0%         N/A       80%         2
 Momentum Strike          Conj/Tloc      0%         3d8       80%         2
 Summon Hydra             Summ           0%         N/A       100%        7
 Sublimation of Blood     Necr           Unusable   N/A       N/A         2

Dungeon Overview and Level Annotations

Branches:
Dungeon (6/15)             Temple (1/1) D:4

Altars:
Ashenzari
Cheibriados
Dithmenos
Elyvilon
Fedhas
Gozag
Hepliaklqana
Kikubaaqudgha
Ru
Sif Muna
Trog
Vehumet
Xom

Shops:
D:3 !*


Innate Abilities, Weirdness & Mutations

You are immune to sickness and miasma.
Your stone body is resilient. (AC +5)
You are immune to poison.
You resist negative energy. (rN+)
You are resistant to electric shocks. (rElec)
You are resistant to unholy torment.
You are immune to petrification.


Message History

The thrashing horror misses you.
You block the thrashing horror's attack.
The thrashing horror tramples you.
You stumble backwards!
The thrashing horror tramples you!
You stumble backwards!
The thrashing horror barely misses you.
The thrashing horror tramples you but does no damage.
The thrashing horror closely misses you.
The thrashing horror tramples you but does no damage.
The thrashing horror closely misses you.
The thrashing horror tramples you but does no damage.
The thrashing horror attacks as it pursues you!
The thrashing horror tramples you but does no damage. x3
The thrashing horror barely misses you.
The thrashing horror tramples you but does no damage.
The thrashing horror tramples you.
You stumble backwards!
A sixfirhy comes into view.
The thrashing horror attacks as it pursues you!
The thrashing horror tramples you!
You hold your ground!
The thrashing horror closely misses you.
The thrashing horror tramples you but does no damage. x2
The thrashing horror attacks as it pursues you!
You block the thrashing horror's attack. x2
The thrashing horror barely misses you.
The thrashing horror tramples you but does no damage.
The sixfirhy completely misses you. The sixfirhy barely misses you.
The sixfirhy hits you but does no damage.
A lurking horror comes into view.
The sixfirhy hits you but does no damage.
The sixfirhy hits you. The sixfirhy shocks you. You resist.
The sixfirhy hits you! The sixfirhy shocks you. You resist.
* * * LOW HITPOINT WARNING * * *
The sixfirhy hits you but does no damage.
The sixfirhy barely misses you. The thrashing horror tramples you!
* * * LOW HITPOINT WARNING * * *
You hold your ground!
The thrashing horror barely misses you. The sixfirhy hits you.
* * * LOW HITPOINT WARNING * * *
The sixfirhy shocks you. You resist.
You die...
Your body crumbles into a pile of gold.

..# ..# .. .. # .# .#.
#. ## #.# .. #.# ##.##
.# . # .####..*##.# ...
### #..X##..3#.#..... #.
# #.#.5.#5X#@....... 2#
#####.. #2#.#........
#...# #.#.##.##.#.......
#.##...###.#.####..#####
. .#. ## .## ..# #..#.
3. . ..# #...## ###.#
... ..###.. .# #.#. .# .
##


You could see a sixfirhy and a lurking horror.

Vanquished Creatures
  2 black bears (D:5)
  An ogre (D:4)
  A centaur (D:6)
  2 scorpions (D:4)
  A howler monkey (D:5)
  A bombardier beetle (D:5)
  4 hounds
  3 orc priests
  2 sleepcaps
  Jessica (D:2)
  Terence (D:1)
  An orc wizard (D:4)
  3 iguanas
  Robin (D:2)
  5 adders
  2 white imps
  2 dart slugs
  4 ribbon worms
  16 orcs
  10 bats
  3 endoplasms
  A giant cockroach (D:1)
  15 goblins
  10 hobgoblins
  6 jackals
  3 quokkas
  7 ball pythons
  4 frilled lizards
  11 kobolds
  13 rats
136 creatures vanquished.

Notes
Turn   | Place    | Note
-------+----------+-------------------------------------------
     0 | D:1      | Dittersdorf the Gargoyle Fighter began the quest for the
                  | Orb.
     0 | D:1      | Reached XP level 1. HP: 14/14 MP: 1/1
   149 | D:1      | Reached XP level 2. HP: 19/19 MP: 2/2
   191 | D:1      | Found a faded altar of an unknown god.
   327 | D:1      | Reached XP level 3. HP: 23/23 MP: 3/3
  1146 | D:2      | Noticed Jessica
  1151 | D:2      | Noticed Terence
  1293 | D:1      | Killed Terence
  1294 | D:1      | Reached XP level 4. HP: 29/29 MP: 4/4
  1357 | D:2      | Killed Jessica
  1685 | D:2      | Noticed Robin
  1702 | D:2      | Killed Robin
  1703 | D:2      | Reached XP level 5. HP: 27/33 MP: 5/5
  2082 | D:3      | HP: 1/33 [orc priest/divine providence (9)]
  2415 | D:3      | Reached XP level 6. HP: 37/39 MP: 6/6
  2470 | D:3      | Found Meeciur's Distillery.
  2476 | D:3      | Found Xaxzuizif's General Store.
  2492 | D:3      | Bought a potion of heal wounds for 70 gold pieces
  3508 | D:4      | Found a staircase to the Ecumenical Temple.
  3531 | Temple   | Entered the Ecumenical Temple
  3559 | Temple   | Became a worshipper of Gozag Ym Sagoz the Greedy
  3779 | D:4      | Reached skill level 5 in Fighting
  3781 | D:4      | Reached skill level 5 in Armour
  3781 | D:4      | Reached skill level 5 in Shields
  3781 | D:4      | Reached XP level 7. HP: 35/44 MP: 7/7
  4840 | D:5      | Entered Level 5 of the Dungeon
  4879 | D:5      | Reached XP level 8. HP: 50/51 MP: 8/8
  5017 | D:5      | Reached skill level 5 in Maces & Flails
  5082 | D:3      | Bought the +0 cloak of Gineos {rCorr Str+3} for 257 gold
                  | pieces
  5416 | Abyss:1  | Cast into level 1 of the Abyss (gnoll)
  5537 | Abyss:1  | Noticed a thrashing horror
  5538 | Abyss:1  | Noticed a balrug
  5553 | Abyss:1  | Noticed a sixfirhy
  5562 | Abyss:1  | HP: 1/51 [sixfirhy (3)]
  5562 | Abyss:1  | Slain by a sixfirhy

Illustrated notes

Levels and vault maps discovered:
D:1:      heliophobic_arrival_dark_side_of_the_moon, layout_basic,
          shapermc_ecumenical_altar_totnotflames
D:2:      layout_basic, uniq_jessica, uniq_terence, uniq_robin
D:3:      layout_loops_corners, serial_shops, shop_statue, shop,
          corexii_leaking_fountain
D:4:      minmay_recursive_quarters, layout_layer_cave,
          minmay_temple_entry_purple_smoke, serial_glass, glass_columns_b,
          glass_columns_a
D:5:      layout_rooms, marbit_many_paths, kennysheep_flooded_box,
          minmay_misc_feat_five
D:6:      layout_rooms, zin_angel
Temple:   oiseaux_autumnal_temple
Abyss:1:  base:
D:6

Skill      XL: |  1  2  3  4  5  6  7  8 |
---------------+-------------------------+-----
Fighting       | 4 5 6 |  6.2
Armour         | 4 5 6 |  6.2
Shields        | 4 5 6 |  6.1
Maces & Flails | 3 4 5 |  5.2

Action                     |  1- 3 |  4- 6 |  7- 9 || total
---------------------------+-------+-------+-------++-------
  Melee: Flail             |   128 |   248 |   133 ||   509
    Use: Scroll            |       |     5 |     4 ||     9
 Armour: Scale mail        |   133 |   214 |   134 ||   481
  Dodge: Dodged            |    72 |   134 |    79 ||   285
  Block: Buckler           |    49 |    62 |    40 ||   151

Table legend: (Time is in decaauts)
 A = Elapsed time spent in this place.
 B = Non-inter-level travel time spent in this place.
 C = Inter-level travel time spent in this place.
 D = Time resting spent in this place.
 E = Time spent auto-exploring this place.
 F = Levels seen in this place.
 G = Mean time per level.
                   A        B        C        D        E       F      G
               +--------+--------+--------+--------+--------+-----+--------+
         Total |   5701 |   5281 |    420 |    544 |   3327 |   8 |  712.6 |
       Dungeon |   5498 |   5132 |    366 |    461 |   3327 |   6 |  916.3 |
        Temple |     56 |      2 |     54 |      0 |      0 |   1 |   56.0 |
         Abyss |    145 |    145 |      0 |     83 |      0 |   1 |  145.0 |
               +--------+--------+--------+--------+--------+-----+--------+

Top non-repeatable levels by time:
     D:4: 1585 daAuts
     D:2: 1238 daAuts
     D:3: 1142 daAuts
     D:1: 1112 daAuts
     D:5: 403 daAuts
 Abyss:1: 145 daAuts
  Temple: 56 daAuts
     D:6: 15 daAuts
